 Dungeon Crawl Stone Soup version 0.27.0-1-g7a089689b8 (webtiles) character file.

Game seed: 7911242460861634490

9 Smaepdii the Firebug (level 2, -1/15 HPs)
             Began as a Tengu Fire Elementalist on Aug 12, 2021.
             Slain by a goblin (2 damage)
             ... on level 1 of the Dungeon.
             The game lasted 00:01:23 (198 turns).

Smaepdii the Firebug (Tengu Fire Elementalist)       Turns: 198, Time: 00:01:23

Health: -1/15      AC:  2    Str:  8    XL:     2   Next: 12%
Magic:  0/6        EV: 12    Int: 15    God:
Gold:   0          SH:  0    Dex: 14    Spells: 4/5 levels left

rFire    . . .     SeeInvis .   c - +0 dagger
rCold    . . .     Faith    .   (no shield)
rNeg     . . .     Spirit   .   a - +0 robe
rPois    .         Reflect  .   (helmet restricted)
rElec    .         Harm     .   (no cloak)
rCorr    .         Rampage  .   (no gloves)
Will     .....                  (boots unavailable)
Stlth    ++........             (no amulet)
HPRegen  0.05/turn              (no ring)
MPRegen  0.10/turn              (no ring)

@: no status effects
A: beak, talons 3
a: no special abilities


You were on level 1 of the Dungeon.
You visited 1 branch of the dungeon, and saw 1 of its levels.

Inventory:

Hand Weapons
 c - a +0 dagger (weapon)
Armour
 a - a +0 robe (worn)
Scrolls
 b - a scroll of magic mapping {unknown}


   Skills:
 + Level 2.3 Dodging
 - Level 2.0 Stealth
 + Level 2.1 Spellcasting
 * Level 2.1 Conjurations
 + Level 3.4 Fire Magic


You had 4 spell levels left.
You knew the following spells:

 Your Spells              Type           Power      Damage    Failure   Level
a - Foxfire               Conj/Fire      36%        2x1d5     7%          1

Your spell library contained the following spells:

 Spells                   Type           Power      Damage    Failure   Level
 Conjure Flame            Conj/Fire      9%         6-21      22%         3
 Inner Flame              Hex/Fire       6%         N/A       32%         3
 Sticky Flame             Conj/Fire      9%         2d3       56%         4
 Fireball                 Conj/Fire      4%         3d4       89%         5


Dungeon Overview and Level Annotations

Branches:
Dungeon (1/15)

Altars:


Innate Abilities, Weirdness & Mutations

You have a beak for a mouth.
You have claws for feet.


Message History

You barely miss the jackal. Your peck misses the jackal.
The jackal is severely wounded.
The jackal bites you but does no damage.
You hit the jackal.
You kill the jackal!
The jackal completely misses you.
You closely miss the jackal. The jackal bites you.
You miss the jackal. The jackal barely misses you.
You hit the jackal but do no damage.
The jackal bites you but does no damage.
The jackal bites you.
You hit the jackal but do no damage. You claw the jackal.
The jackal is moderately wounded.
The jackal closely misses you.
You hit the jackal. You claw the jackal.
You kill the jackal!
Your Conjurations skill increases to level 2!
You have reached level 2!
Casting: Foxfire (safe; 7% risk of failure)
Press: ? - help, Q - select action Dir - look around, f - activate You conjure some foxfire!
The quokka bites you.
Your foxfire dissipates!
The quokka bites you.
* * * LOW HITPOINT WARNING * * *
You miss the quokka. Your kick misses the quokka. Your peck misses the quokka.
The quokka barely misses you.
You closely miss the quokka. Your kick misses the quokka.
The quokka barely misses you.
You closely miss the quokka. The quokka barely misses you.
You hit the quokka. You peck the quokka, but do no damage.
The quokka is lightly wounded.
The quokka bites you but does no damage.
You completely miss the quokka. You claw the quokka.
You kill the quokka!
You closely miss the goblin. The goblin hits you with a +0 dagger.
* * * LOW HITPOINT WARNING * * *
You barely miss the goblin. You peck the goblin, but do no damage.
The goblin hits you with a +0 dagger.
You die...

..# #.#... ... #.#.. #.# #.#.#
#.# #.#.## .. #.# #....
....#####.# #..######
†.$.....#.############..#.....
###.###....†g@................
#(#.#########...#####... #.#.#
#.#.#..>#... #.#.#
#.#.#.#..... ....#
#.#.#.#####. .>.##
#.#.#.....#. ##.. #.#.#...#<..
#.. #.#.#...#### ....#.......


You could see a goblin.

Vanquished Creatures
  An endoplasm (D:1)
  A goblin (D:1)
  3 jackals (D:1)
  A quokka (D:1)
  A bat (D:1)
7 creatures vanquished.

Vanquished Creatures (others)
  14 foxfires (D:1)
14 creatures vanquished.

Grand Total: 21 creatures vanquished

Notes
Turn   | Place    | Note
-------+----------+-------------------------------------------
     0 | D:1      | Smaepdii the Tengu Fire Elementalist began the quest for
                  | the Orb.
     0 | D:1      | Reached XP level 1. HP: 10/10 MP: 4/4
   190 | D:1      | Reached XP level 2. HP: 11/15 MP: 1/6
   198 | D:1      | Slain by a goblin

Illustrated notes

Levels and vault maps discovered:
D:1:      ebering_trefoil_twist, layout_loops_ring,
          ebering_ecumenical_altar_webs, minmay_misc_feat_room

Skill      XL: |  1 |
---------------+----+-----
Conjurations   | 2 |  2.1
Dodging        | |  2.3
Stealth        | |  2.0
Spellcasting   | |  2.1
Fire Magic     | |  3.4

Action                   || total
-------------------------++-------
Melee: Dagger            ||    14
       Kick              ||     3
       Peck              ||     2
 Cast: Foxfire           ||    15
Armor: Robe              ||     4
Dodge: Dodged            ||     8
